 Dungeon Crawl Stone Soup version 0.25-a0-23-gdc1bd94 (webtiles) character file.

Game seed: 2193736878674017197, levelgen mode: deterministic

64 TheGoonsmith the Chopper (level 3, 0/33 HPs)
             Began as a Deep Dwarf Gladiator on Oct 16, 2019.
             Slain by a gnoll (4 damage)
             ... on level 2 of the Dungeon.
             The game lasted 00:01:46 (1046 turns).

TheGoonsmith the Chopper (Deep Dwarf Gladiator)     Turns: 1046, Time: 00:01:47

Health: 0/33       AC:  4    Str: 18    XL:     3   Next: 91%
Magic:  3/3        EV: 13    Int:  8    God:
Gold:   126        SH:  0    Dex: 14    Spells: 2/2 levels left

rFire    . . .     SeeInvis .   a - +0 war axe
rCold    . . .     Gourm    .   (no shield)
rNeg     . . .     Faith    .   b - +0 leather armour
rPois    .         Spirit   .   c - +0 helmet
rElec    .         Reflect  .   (no cloak)
rCorr    .         Harm     .   (no gloves)
MR       .....                  (no boots)
Stlth    +.........             (no amulet)
HPRegen  0.00/turn              (no ring)
MPRegen  0.08/turn              (no ring)

@: non-regenerating
A: damage resistance, heal wounds, sense surroundings 1, no regeneration
a: Heal Wounds


You were on level 2 of the Dungeon.
You were hungry.

You visited 1 branch of the dungeon, and saw 2 of its levels.

You collected 126 gold pieces.

Inventory:

Hand Weapons
 a - a +0 war axe (weapon)
Missiles
 d - 3 throwing nets (quivered)
Armour
 b - a +0 leather armour (worn)
 c - a +0 helmet (worn)
Jewellery
 o - an uncursed ring of poison resistance {unknown}
Scrolls
 e - 2 scrolls of immolation {unknown}
 g - 2 scrolls of remove curse {unknown}
 i - 3 scrolls of identify {unknown}
 j - a scroll of teleportation {unknown}
 l - a scroll of enchant weapon {unknown}
 m - a scroll of magic mapping {unknown}
Potions
 h - a potion of brilliance {unknown}
 k - 2 potions of agility {unknown}
 n - 2 potions of flight {unknown}
Comestibles
 f - 6 rations


   Skills:
 + Level 2.6 Fighting
 * Level 4.8 Axes
 - Level 1.7 Throwing
 - Level 3.2 Dodging


You had 2 spell levels left.
You didn't know any spells.
Your spell library was empty.

Dungeon Overview and Level Annotations

Branches:
Dungeon (2/15)

Altars:


Innate Abilities, Weirdness & Mutations

You are resistant to damage.
You can heal yourself by infusing magical energy.
You passively map a small area around you.
You do not regenerate.


Message History

A gnoll comes into view. It is wielding a +0 spear.
The gnoll shouts!
A gnoll comes into view.
The gnoll hits you with a +0 spear. The gnoll closely misses you.
You barely miss the gnoll. x2
A gnoll comes into view. It is wielding a +2 halberd of pain.
The gnoll barely misses you.
You closely miss the gnoll. You hit the gnoll but do no damage.
You hit the gnoll. The gnoll misses you. The gnoll closely misses you.
The gnoll hits you but does no damage.
You slash the gnoll!
The gnoll is heavily wounded.
You barely miss the gnoll. You slash the gnoll!
The gnoll completely misses you. The gnoll barely misses you.
The gnoll hits you with a +0 spear. The gnoll hits you!
* * * LOW HITPOINT WARNING * * *
The gnoll hits you with a +0 spear.
* * * LOW HITPOINT WARNING * * *
You fail to use your ability.
The gnoll barely misses you. The gnoll hits you!
You die...

#...........# #.#
########(.#.# #.#
#..#.######.#
#####..#........#
#......##########
#.###.## #..#
*#.## * #@# *
#.gggg....#
#####.##.## .# ,
# *.# # .# # .# #
.# # , #


You could see 4 gnolls.

Vanquished Creatures
  A gnoll (D:1)
  2 adders (D:2)
  A worm (D:2)
  A dart slug (D:1)
  A leopard gecko (D:2)
  A giant cockroach (D:1)
  5 goblins (D:1)
  4 hobgoblins (D:1)
  5 bats
  4 frilled lizards
  3 kobolds (D:1)
  6 rats
34 creatures vanquished.

Notes
Turn   | Place    | Note
-------+----------+-------------------------------------------
     0 | D:1      | TheGoonsmith the Deep Dwarf Gladiator began the quest for
                  | the Orb.
     0 | D:1      | Reached XP level 1. HP: 19/19 MP: 1/1
   101 | D:1      | Reached XP level 2. HP: 20/26 MP: 2/2
   161 | D:1      | Reached skill level 4 in Axes
   260 | D:1      | Reached XP level 3. HP: 12/32 MP: 3/3
  1046 | D:2      | Slain by a gnoll

Levels and vault maps discovered:
D:1:      lightli_arrival_statuegarden, layout_basic, minmay_pentomino_u4
D:2:      layout_loops_ring

Skill      XL: |  1  2 |
---------------+-------+-----
Fighting       | 2 |  2.6
Axes           | 4 |  4.8
Throwing       | |  1.7
Dodging        | |  3.2

Action                   || total
-------------------------++-------
Melee: War axe           ||    98
 Abil: Heal Wounds       ||     1
 Stab: Sleeping          ||     1
Armor: Leather armour    ||    33
Dodge: Dodged            ||    87

Table legend:
 A = Non-vault XP
 B = Vault XP
 C = Vault XP percentage of total XP
 D = Non-vault monster count
 E = Vault monster count
 F = Vault count percentage of total count
                 A         B        C        D         E       F
            +---------+---------+-------+---------+---------+-------
      Total |      87 |       5 |   5.4 |      30 |       4 |  11.8
            +---------+---------+-------+---------+---------+-------
        D:1 |      47 |       5 |   9.6 |      22 |       4 |  15.4
        D:2 |      40 |       0 |   0.0 |       8 |       0 |   0.0
            +---------+---------+-------+---------+---------+-------
